 Dungeon Crawl Stone Soup version 0.31-a0-263-ge8cad7f256 (webtiles) character file.

Game seed: 1946273632578300235

724 Dittersdorf the Covered (level 7, -4/44 HPs)
             Began as a Gargoyle Fighter on July 13, 2023.
             Killed by divine providence
             ... invoked by an orc priest
              (11 damage)
             ... on level 5 of the Dungeon.
             The game lasted 00:05:50 (4216 turns).

Dittersdorf the Covered (Gargoyle Fighter)          Turns: 4216, Time: 00:05:50

Health: -4/44      AC: 16    Str: 22    XL:     7   Next: 71%
Magic:  7/7        EV: 23    Int:  8    God:
Gold:   329        SH:  6    Dex:  9    Spells: 6/6 levels left

rFire   . . .        a - +0 flail
rCold   . . .        c - +1 buckler
rNeg    + . .        s - +0 chain mail
rPois   ∞            (no helmet)
rElec   +            (no cloak)
rCorr   +            (no gloves)
SInv    .            u - +0 pair of boots
Will    .....        v - amulet of the acrobat Stlth
                     k - ring of flight
HPRegen 0.27/turn    q - ring of resist corrosion
MPRegen 0.10/turn

%: acrobat
@: acrobatic, flying
A: sickness immunity, AC +4, negative energy resistance 1, electricity
resistance, torment resistance 1, petrification resistance
a: no special abilities


You were on level 5 of the Dungeon.
You visited 1 branch of the dungeon, and saw 5 of its levels.

You collected 329 gold pieces.

Inventory:

Hand Weapons
 a - a +0 flail (weapon)
Missiles
 y - 6 poisoned darts
Armour
 c - a +1 buckler (worn)
 s - a +0 chain mail (worn)
 u - a +0 pair of boots (worn)
Jewellery
 k - a ring of flight (left hand)
 q - a ring of resist corrosion (right hand)
 v - an amulet of the acrobat (around neck)
Scrolls
 b - 2 scrolls of fog {unknown}
 i - 2 scrolls of amnesia {unknown}
 l - a scroll of blinking {unknown}
 m - a scroll of immolation {unknown}
 n - a scroll of enchant weapon {unknown}
 o - a scroll of noise {unknown}
 p - a scroll of teleportation {unknown}
Potions
 d - a potion of might
 h - a potion of ambrosia
 j - 3 potions of enlightenment
 t - a potion of curing


   Skills:
 + Level 5.5 Fighting
 + Level 4.5 Maces & Flails
 + Level 5.5 Armour
 + Level 5.5 Shields


You had 6 spell levels left.
You didn't know any spells.
Your spell library was empty.

Dungeon Overview and Level Annotations

Branches:
Dungeon (5/15)
 Temple: D:4-7

Altars:
Qazlal


Innate Abilities, Weirdness & Mutations

You are immune to sickness and miasma.
Your stone body is resilient. (AC +4)
You are immune to poison.
You resist negative energy. (rN+)
You are resistant to electric shocks. (rElec)
You are resistant to unholy torment.
You are immune to petrification.


Message History

No target in view!
No target in view!
No target in view!
No target in view!
No target in view!
No target in view!
No target in view!
No target in view!
No target in view!
No target in view!
No target in view!
No target in view!
No target in view!
You start resting.
HP restored.
You fly downwards.
There is a stone staircase leading up here.
You see here a potion of lignification. 2 orc priests and an orc come into view.
The orc priest shouts! x2; The orc shouts!
An orc comes into view.
It is wielding a +1 dagger of holy wrath.
An orc priest comes into view. It is wielding a +0 short sword.
The orc priest looks braver for a moment.
There is an escape hatch in the floor here.
The orc priest attacks as you move away!
You block the orc priest's attack.
The orc priest mumbles some strange prayers to Beogh against you.
Beogh smites you!
There is an escape hatch in the floor here.
The orc priest calls down the wrath of Beogh upon you.
Beogh smites you!
The orc priest invokes the aid of Beogh against you.
Beogh smites you!
* * * LOW HITPOINT WARNING * * *
The orc misses you.
The orc priest begins to cast a cantrip, but forgets the words!
The orc barely misses you.
The orc priest calls down the wrath of Beogh upon you.
Beogh smites you!
You die...

#..........##...,,
##########...............,,
###########......>........,,
############...o..........,*
############.[............,*
#############.oo...[......,,
###########.#.o.##........,,
########.#....o####.......,,
#######....@##..#*,...<...,,
#######<....#..##*........,,
######..........#.......#,,,
#####......#.#.....,##..*,_,
####.......####.....#*,,*,,,
####........#...#...#*,,****
#######.........##..#*,,,,,,
########....###.....#*,,,,,,
#######....#.##.....#******,


You could see 3 orc priests and 2 orcs.

Vanquished Creatures
  Eustachio (D:4)
  Menkaure (D:4)
  A black bear (D:4)
  2 ogres (D:4)
  A hound (D:4)
  3 orc wizards
  3 adders
  A worm (D:4)
  4 dart slugs
  10 orcs
  7 endoplasms
  3 giant cockroaches
  6 goblins
  3 hobgoblins
  4 jackals (D:1)
  2 quokkas
  6 ball pythons
  4 bats
  5 frilled lizards
  7 kobolds
  6 rats
80 creatures vanquished.

Vanquished Creatures (others)
  2 orc wizards (D:3)
2 creatures vanquished.

Grand Total: 82 creatures vanquished

Notes
Turn   | Place    | Note
-------+----------+-------------------------------------------
     0 | D:1      | Dittersdorf the Gargoyle Fighter began the quest for the
                  | Orb.
     0 | D:1      | Reached XP level 1. HP: 14/14 MP: 1/1
   218 | D:1      | Reached XP level 2. HP: 18/19 MP: 2/2
   388 | D:1      | Reached XP level 3. HP: 23/23 MP: 3/3
  1271 | D:3      | Reached XP level 4. HP: 29/29 MP: 4/4
  1733 | D:3      | Found a faded altar of an unknown god.
  2216 | D:4      | Reached XP level 5. HP: 32/33 MP: 5/5
  2451 | D:4      | Noticed an ogre
  2456 | D:4      | Killed an ogre
  2457 | D:4      | Reached XP level 6. HP: 38/39 MP: 6/6
  2561 | D:4      | Noticed Menkaure
  2744 | D:4      | Noticed Eustachio
  2777 | D:4      | Killed Eustachio
  2778 | D:4      | Reached skill level 5 in Shields
  3105 | D:4      | Reached skill level 5 in Fighting
  3105 | D:4      | Reached skill level 5 in Armour
  3245 | D:4      | Found a stormy altar of Qazlal.
  3306 | D:4      | Killed Menkaure
  3307 | D:4      | Reached XP level 7. HP: 13/44 MP: 7/7
  3987 | D:5      | Entered Level 5 of the Dungeon
  4216 | D:5      | Killed from afar by an orc priest

Illustrated notes

Levels and vault maps discovered:
D:1:      minmay_arrival_doors, layout_loops_ring, grunt_decor_mini_mirrors
D:2:      layout_basic
D:3:      layout_loops_ring, dreamdust_ecumenical_altar_angels_and_demons,
          kennysheep_generic_room_9
D:4:      layout_basic, nicolae_qazlal_eye_of_the_storm, uniq_menkaure,
          uniq_eustachio
D:5:      layout_cave_pools, mainiacjoe_overflow_chevrons,
          mainiacjoe_overflow_tiny_flanked, mainiacjoe_overflow_big_doors,
          nicolae_houndstooth_variations

Skill      XL: |  1  2  3  4  5  6 |
---------------+-------------------+-----
Armour         | 4 5 |  5.5
Shields        | 4 5 |  5.5
Fighting       | 4 5 |  5.5
Maces & Flails | 3 4 |  4.5

Action                     |  1- 3 |  4- 6 |  7- 9 || total
---------------------------+-------+-------+-------++-------
  Melee: Flail             |   139 |   152 |    19 ||   310
         Unarmed           |       |     8 |       ||     8
  Throw: Dart              |       |     6 |       ||     6
    Use: Scroll            |       |       |     7 ||     7
 Armour: Scale mail        |    84 |    36 |       ||   120
         Chain mail        |       |    39 |    29 ||    68
         Skin              |       |    34 |       ||    34
  Dodge: Dodged            |    83 |    65 |    19 ||   167
  Block: Buckler           |    37 |    33 |    10 ||    80

Table legend: (Time is in decaauts)
 A = Elapsed time spent in this place.
 B = Non-inter-level travel time spent in this place.
 C = Inter-level travel time spent in this place.
 D = Time resting spent in this place.
 E = Time spent auto-exploring this place.
 F = Levels seen in this place.
 G = Mean time per level.
                   A        B        C        D        E       F      G
               +--------+--------+--------+--------+--------+-----+--------+
         Total |   4303 |   4171 |    132 |    427 |   2906 |   5 |  860.6 |
       Dungeon |   4303 |   4171 |    132 |    427 |   2906 |   5 |  860.6 |
               +--------+--------+--------+--------+--------+-----+--------+

Top non-repeatable levels by time:
     D:4: 1836 daAuts
     D:3: 1050 daAuts
     D:1: 848 daAuts
     D:2: 463 daAuts
     D:5: 105 daAuts
